 Dungeon Crawl Stone Soup version 0.30-a0-1082-g70414cbcbb (webtiles) character file.

Game seed: 9890286919861823642

1201 Gynju the Cleaver (level 8, -5/71 HPs)
             Began as a Hill Orc Fighter on Apr 15, 2023.
             Was an Initiate of Okawaru.
             Slain by a steam dragon (7 damage)
             ... on level 6 of the Dungeon.
             The game lasted 00:07:13 (5143 turns).

Gynju the Cleaver (Hill Orc Fighter)                Turns: 5143, Time: 00:07:14

Health: -5/71      AC:  7    Str: 21    XL:     8   Next: 44%
Magic:  8/8        EV:  8    Int: 14    God:    Okawaru [......]
Gold:   244        SH:  9    Dex: 10    Spells: 7/7 levels left

rFire   . . .      SeeInvis .    a - +0 war axe
rCold   . . .      Faith    .    v - +0 kite shield
rNeg    . . .      Spirit   .    b - +0 scale mail
rPois   .          Reflect  .    (no helmet)
rElec   .          Rampage  .    j - scarf {shadows}
rCorr   +                        (no gloves)
Will    .....                    (no boots) Stlth
                                 (no amulet)
HPRegen 0.31/turn                m - ring of resist corrosion
MPRegen 0.11/turn                o - +6 ring of intelligence

@: no status effects
A: no striking features
a: Renounce Religion


You were on level 6 of the Dungeon.
You worshipped Okawaru.
Okawaru was noncommittal.
You visited 2 branches of the dungeon, and saw 7 of its levels.

You collected 244 gold pieces.

Inventory:

Hand Weapons
 a - a +0 war axe (weapon)
Armour
 b - a +0 scale mail (worn)
 j - a scarf of shadows (worn)
 v - a +0 kite shield (worn)
Jewellery
 m - a ring of resist corrosion (left hand)
 o - a +6 ring of intelligence (right hand)
Wands
 y - a wand of iceblast (2)
Scrolls
 c - a scroll of enchant armour {unknown}
 f - 2 scrolls of noise {unknown}
 i - 5 scrolls of identify {unknown}
 l - a scroll of fear {unknown}
 n - a scroll of immolation {unknown}
 t - a scroll of magic mapping {unknown}
 u - a scroll of amnesia {unknown}
 w - a scroll of fog {unknown}
 x - a scroll of poison {unknown}
Potions
 d - 2 potions of might
 e - a potion of resistance {unknown}
 g - 3 potions of degeneration {unknown}
 h - a potion of mutation {unknown}
 k - a potion of lignification {unknown}
 p - a potion of flight {unknown}
 q - a potion of cancellation {unknown}
 r - 3 potions of curing {unknown}
 s - a potion of brilliance {unknown}
 z - a potion of berserk rage {unknown}


   Skills:
 + Level 6.4 Fighting
 * Level 8.5 Axes
 + Level 5.8 Armour
 + Level 5.8 Shields


You had 7 spell levels left.
You didn't know any spells.
Your spell library contained the following spells:

 Spells                   Type           Power      Damage    Failure   Level
 Shock                    Conj/Air       0%         1d3       90%         1
 Dazzling Flash           Conj/Hex       0%         N/A       99%         3
 Swiftness                Air            0%         N/A       99%         3
 Vhi's Electric Charge    Tloc/Air       0%         N/A       99%         3
 Airstrike                Air            0%         2d(0-16)  100%        4
 Agony                    Necr           0%         N/A       100%        5
 Arcjolt                  Conj/Air       0%         1d10      100%        5
 Silence                  Hex/Air        0%         N/A       100%        5
 Maxwell's Capacitive Co  Air            0%         ∞         100%        8


Dungeon Overview and Level Annotations

Branches:
Dungeon (6/15)             Temple (1/1) D:4

Altars:
Ashenzari
Cheibriados
Dithmenos
Elyvilon
Fedhas
Gozag
Hepliaklqana
Kikubaaqudgha
Makhleb
Nemelex Xobeh
Okawaru
Qazlal
Ru
Sif Muna
Trog
Yredelemnul
The Shining One


Message History

The steam dragon bites you but does no damage.
The steam dragon claws you but does no damage.
You hit the steam dragon but do no damage.
The steam dragon is moderately wounded.
You are engulfed in a cloud of scalding steam.
You block the steam dragon's attack.
The steam dragon claws you but does no damage.
The steam dragon barely misses you.
The steam dragon claws you but does no damage.
You hit the steam dragon.
The steam dragon is moderately wounded.
You block the steam dragon's attack. The steam dragon barely misses you.
You closely miss the steam dragon.
The steam dragon is moderately wounded.
The steam dragon bites you. The steam dragon closely misses you.
You slash the steam dragon!
The steam dragon is heavily wounded.
The steam dragon breathes steam at you. The ball of steam hits you!
* * * LOW HITPOINT WARNING * * *
You hear two shouts!
You closely miss the steam dragon.
The steam dragon is heavily wounded.
You are engulfed in a cloud of scalding steam.
The steam dragon bites you.
* * * LOW HITPOINT WARNING * * *
The steam dragon claws you but does no damage.
The steam dragon bites you.
* * * LOW HITPOINT WARNING * * *
The steam dragon claws you but does no damage.
You hit the steam dragon.
The steam dragon is severely wounded.
You are engulfed in a cloud of scalding steam.
* * * LOW HITPOINT WARNING * * *
The steam dragon bites you but does no damage.
You block the steam dragon's attack.
You barely miss the steam dragon.
The steam dragon is severely wounded.
The steam dragon bites you!
You die... ####################... ............§..§@D...# ###################..# #

You could see a steam dragon (catching breath).

Vanquished Creatures
  Sigmund (D:3)
  3 ogres
  A centaur (D:4)
  A phantom (D:4)
  2 scorpions
  4 hounds (D:5)
  3 jellies (D:5)
  A sleepcap (D:5)
  3 iguanas
  11 adders
  A white imp (D:5)
  4 worms
  5 dart slugs
  11 orcs (D:4)
  4 ball pythons
  7 endoplasms
  4 giant cockroaches
  4 goblins (D:1)
  5 hobgoblins
  5 jackals
  2 kobolds
  4 quokkas
  6 bats
  5 frilled lizards
  4 rats
101 creatures vanquished.

Notes
Turn   | Place    | Note
-------+----------+-------------------------------------------
     0 | D:1      | Gynju the Hill Orc Fighter began the quest for the Orb.
     0 | D:1      | Reached XP level 1. HP: 19/19 MP: 1/1
    55 | D:1      | Reached skill level 3 in Axes
    55 | D:1      | Reached XP level 2. HP: 11/27 MP: 2/2
   364 | D:1      | Reached XP level 3. HP: 33/33 MP: 3/3
   561 | D:1      | Found a faded altar of an unknown god.
   905 | D:2      | Reached skill level 4 in Axes
   905 | D:2      | Reached XP level 4. HP: 35/40 MP: 4/4
  1290 | D:3      | Found a shadowy altar of Dithmenos.
  1346 | D:3      | Noticed a scorpion
  1352 | D:3      | Killed a scorpion
  1353 | D:3      | Reached XP level 5. HP: 35/47 MP: 5/5
  1456 | D:3      | Found a sacrificial altar of Ru.
  1458 | D:3      | Found a snail-covered altar of Cheibriados.
  1515 | D:3      | Found a bloodstained altar of Trog.
  1645 | D:3      | Reached skill level 5 in Axes
  1845 | D:3      | Noticed Sigmund
  1854 | D:3      | Killed Sigmund
  1855 | D:3      | Reached skill level 5 in Fighting
  1855 | D:3      | Reached XP level 6. HP: 41/56 MP: 6/6
  2067 | D:4      | Reached skill level 6 in Axes
  2249 | D:4      | Reached XP level 7. HP: 56/61 MP: 7/7
  2508 | D:4      | Reached skill level 5 in Armour
  2508 | D:4      | Reached skill level 5 in Shields
  2537 | D:4      | Found a blossoming altar of Fedhas.
  2538 | D:4      | Found a hazy altar of Hepliaklqana.
  2758 | D:4      | Found a staircase to the Ecumenical Temple.
  2855 | D:4      | Reached skill level 7 in Axes
  2877 | Temple   | Entered the Ecumenical Temple
  3734 | D:5      | Entered Level 5 of the Dungeon
  4083 | D:5      | Reached XP level 8. HP: 70/70 MP: 8/8
  4248 | D:5      | Found an iron altar of Okawaru.
  4319 | D:5      | Became a worshipper of Warmaster Okawaru
  4370 | D:5      | Reached skill level 8 in Axes
  5142 | D:6      | HP: 1/71 [steam dragon] (4)]
  5143 | D:6      | Slain by a steam dragon

Illustrated notes

Levels and vault maps discovered:
D:1:      lightli_arrival_maybe_door_vault, layout_rooms, basic_ecumenical_altar
D:2:      layout_basic
D:3:      layout_loops_ring, mainiacjoe_overflow_tiny_flanked,
          general_overflow_altar, jmf_multi_god_temple, uniq_sigmund
D:4:      layout_cave_pods, nicolae_overflow_squiral,
          minmay_temple_entry_gardened_gates, portal_sewer_entry_d,
          lightli_ossuary_entry_decrepit_ruins
D:5:      layout_basic, okawaru_metal_pillars_1_2,
          chequers_serial_rivers_micro_b
D:6:      layout_basic
Temple:   dpeg_chambers_temple

Skill      XL: |  1  2  3  4  5  6  7  8 |
---------------+-------------------------+-----
Axes           | 3 4 5 6 7 8 |  8.5
Fighting       | 4 5 6 |  6.4
Armour         | 4 5 |  5.8
Shields        | 4 5 |  5.8

Action                     |  1- 3 |  4- 6 |  7- 9 || total
---------------------------+-------+-------+-------++-------
  Melee: War axe           |    82 |    72 |   140 ||   294
    Use: Potion            |       |     1 |       ||     1
 Armour: Scale mail        |    39 |    41 |    55 ||   135
  Dodge: Dodged            |    60 |    27 |    57 ||   144
  Block: Buckler           |    22 |    11 |     7 ||    40
         Kite shield       |       |       |    31 ||    31

Table legend: (Time is in decaauts)
 A = Elapsed time spent in this place.
 B = Non-inter-level travel time spent in this place.
 C = Inter-level travel time spent in this place.
 D = Time resting spent in this place.
 E = Time spent auto-exploring this place.
 F = Levels seen in this place.
 G = Mean time per level.
                   A        B        C        D        E       F      G
               +--------+--------+--------+--------+--------+-----+--------+
         Total |   5234 |   5001 |    233 |    228 |   4046 |   7 |  747.7 |
       Dungeon |   4983 |   4771 |    212 |    228 |   3828 |   6 |  830.5 |
        Temple |    250 |    229 |     21 |      0 |    218 |   1 |  250.0 |
               +--------+--------+--------+--------+--------+-----+--------+

Top non-repeatable levels by time:
     D:5: 1385 daAuts
     D:4: 1210 daAuts
     D:3: 1094 daAuts
     D:2: 637 daAuts
     D:1: 612 daAuts
  Temple: 250 daAuts
     D:6: 44 daAuts
